[Event "Titled Tuesday Blitz May 03 Early 2022"]
[White "Odegov, Artem"]
[Black "Prraneeth Vuppala"]
[WhiteFideId "34183644"]
[BlackFideId "46622373"]
[WhiteElo "2286"]
[BlackElo "1958"]
[Result "0-1"]
[Round "09"]
[TimeControl "180+1"]
[Date "2022.05.03"]
[WhiteClock "0:00:03"]
[BlackClock "0:00:10"]

1. d4 Nf6 2. c4 e6 3. Nf3 d5 4. Nc3 Bb4 5. Bg5 h6 6. Bxf6 Qxf6 7. Qa4+ Nc6 8. e3 O-O 9. cxd5 exd5 10. Bb5 Bg4 11. Bxc6 Bxc3+ 12. bxc3 Bxf3 13. gxf3 Qxf3 14. Bxd5 Qxd5 15. Rg1 c5 16. Qb3 Qe4 17. Qb1 Qf3 18. Qd1 Qf6 19. Qg4 Rac8 20. Rd1 Rfd8 21. Qe4 cxd4 22. cxd4 Re8 23. Qd3 Rc6 24. Rg3 a6 25. Ke2 b5 26. Rdg1 g6 27. Rf3 Qe7 28. d5 Rd6 29. Rfg3 Kh7 30. Rf3 Red8 31. Qc3 Rxd5 32. Rf4 b4 33. Qc4 Rd2+ 34. Kf3 f5 35. Rd4 R8xd4 36. exd4 Qe4+ 37. Kg3 Qg4# 0-1


[Site "https://www.chess.com"]

[Event "Titled Tuesday Blitz May 03 Early 2022"]
[White "Oganian, Miran"]
[Black "Bortnyk, Olexandr"]
[WhiteFideId "4122488"]
[BlackFideId "14120828"]
[WhiteElo "2357"]
[BlackElo "2723"]
[Result "0-1"]
[Round "09"]
[TimeControl "180+1"]
[Date "2022.05.03"]
[WhiteClock "0:00:05"]
[BlackClock "0:00:10"]

1. e4 Nf6 2. Nc3 d5 3. e5 Nfd7 4. d4 c5 5. f4 cxd4 6. Qxd4 e6 7. Nf3 Bc5 8. Qd3 Nc6 9. a3 a6 10. Be3 Qb6 11. Na4 Qa5+ 12. b4 Qxa4 13. bxc5 Nb4 14. axb4 Qxa1+ 15. Kf2 Qb2 16. Bd2 a5 17. Bc3 Qc1 18. Bd2 Qb2 19. Bc3 Qa3 20. Be2 axb4 21. Ra1 Qxc3 22. Qxc3 bxc3 23. Rxa8 O-O 24. Ra5 f6 25. Ke3 fxe5 26. fxe5 g5 27. h3 h5 28. g4 hxg4 29. hxg4 Kg7 30. Ra8 Kh6 31. Ra3 Nxc5 32. Rxc3 b6 33. Ra3 Bb7 34. Ra1 Rf4 35. Rh1+ Kg6 36. Nh4+ Kg7 37. Nf3 d4+ 38. Kf2 Ne4+ 39. Ke1 Ng3 40. Rh3 Nxe2 41. Kxe2 Bxf3+ 42. Rxf3 Rxg4 43. Kd3 Rf4 44. Rg3 Kg6 45. Rg1 Kf5 46. Rb1 Kxe5 47. Rxb6 Rf3+ 48. Ke2 g4 49. Rb8 Re3+ 50. Kf2 Rc3 51. Rb5+ Kf4 52. Rc5 Rxc5 0-1


[Site "https://www.chess.com"]

[Event "Titled Tuesday Blitz May 03 Early 2022"]
[White "Omariev, Maksim"]
[Black "Shyaamnikhil P"]
[WhiteFideId "4193423"]
[BlackFideId "5024218"]
[WhiteElo "2511"]
[BlackElo "2329"]
[Result "1-0"]
[Round "09"]
[TimeControl "180+1"]
[Date "2022.05.03"]
[WhiteClock "0:00:04"]
[BlackClock "0:00:17"]

1. e4 c5 2. Nf3 d6 3. d4 cxd4 4. Nxd4 Nf6 5. Nc3 a6 6. h3 e5 7. Nde2 b5 8. g4 Bb7 9. Bg2 b4 10. Nd5 Nxd5 11. exd5 h5 12. Be3 hxg4 13. hxg4 Rxh1+ 14. Bxh1 a5 15. Qd2 Nd7 16. O-O-O Ba6 17. Kb1 a4 18. Ng3 b3 19. cxb3 axb3 20. a3 Nf6 21. Bf3 Qd7 22. Qb4 Qb5 23. Qd2 Rc8 24. Be2 Qa4 25. Bxa6 Qxa6 26. f3 Qc4 27. g5 Qc2+ 28. Ka1 Qxd2 29. Bxd2 Nxd5 30. Ne4 Kd7 31. Kb1 Ke6 32. Bc1 f5 33. gxf6 gxf6 34. Rd3 f5 35. Ng5+ Kf6 36. Rxd5 Bh6 37. Rxd6+ Kg7 38. Rd7+ Kg6 39. Rd6+ Kh5 40. Bd2 Bxg5 41. Bxg5 Kxg5 42. Rb6 Kf4 43. Rxb3 Rc4 44. Ka2 e4 45. fxe4 fxe4 46. Rh3 Kg4 47. Rh8 e3 48. Re8 Kf3 49. b4 Re4 50. Rf8+ Kg2 51. Rg8+ Kh2 52. Rh8+ Kg3 53. Rg8+ Kf2 54. Rf8+ Ke2 55. Kb3 Kd2 56. Rd8+ Kc1 57. Rh8 Kb1 58. Rh1# 1-0


[Site "https://www.chess.com"]

[Event "Titled Tuesday Blitz May 03 Early 2022"]
[White "Osmak, Yuliia"]
[Black "Le Ruyet, Leopold"]
[WhiteFideId "14101602"]
[BlackFideId "645923"]
[WhiteElo "2302"]
[BlackElo "2276"]
[Result "0-1"]
[Round "09"]
[TimeControl "180+1"]
[Date "2022.05.03"]
[WhiteClock "0:00:41"]
[BlackClock "0:00:15"]

1. e4 c5 2. c3 Nf6 3. e5 Nd5 4. Nf3 d6 5. d4 Nc6 6. Bc4 Nb6 7. Bb5 Bd7 8. exd6 exd6 9. d5 Ne7 10. Bxd7+ Qxd7 11. O-O Nexd5 12. Re1+ Be7 13. c4 Nf6 14. Qe2 Nc8 15. Nc3 O-O 16. Bg5 h6 17. Bh4 g5 18. Bg3 Rd8 19. Rad1 Bf8 20. Nd5 Nxd5 21. Rxd5 b5 22. cxb5 Nb6 23. Rd2 Re8 24. Qf1 Rxe1 25. Nxe1 Qe6 26. b3 d5 27. a4 c4 28. a5 Nd7 29. bxc4 dxc4 30. Nc2 c3 31. Rd3 Bg7 32. Qd1 Nc5 33. Rd8+ Rxd8 34. Qxd8+ Kh7 35. Qc7 Qe2 36. Qxc5 Qd1+ 0-1


[Site "https://www.chess.com"]

[Event "Titled Tuesday Blitz May 03 Early 2022"]
[White "Ovezdurdyyeva, Jemal"]
[Black "Miszler, Levente"]
[WhiteFideId "14001888"]
[BlackFideId "763276"]
[WhiteElo "1946"]
[BlackElo "1966"]
[Result "0-1"]
[Round "09"]
[TimeControl "180+1"]
[Date "2022.05.03"]
[WhiteClock "0:01:09"]
[BlackClock "0:01:03"]

1. e4 e6 2. d4 d5 3. Nd2 f5 4. exf5 exf5 5. Bd3 Nf6 6. Ne2 Bd6 7. c3 O-O 8. Qc2 Ne4 9. Nb3 c6 10. g3 Nd7 11. Be3 Ndf6 12. O-O-O Ng4 13. Rdf1 Nxe3 14. fxe3 Bd7 15. Nf4 a5 16. Nd2 b5 17. Nxe4 fxe4 18. Be2 a4 19. Qd1 Qb6 20. Bg4 Bxg4 21. Qxg4 Bxf4 22. gxf4 b4 23. Rhg1 Rf7 24. cxb4 Qxb4 25. Qe2 c5 26. dxc5 Rc7 27. Kb1 Rxc5 28. Qg2 Rc7 29. Qg5 Qc4 30. Qe5 Rac8 31. Rd1 Qc2+ 32. Ka1 Qc1+ 33. Rxc1 Rxc1+ 34. Rxc1 Rxc1# 0-1


[Site "https://www.chess.com"]

[Event "Titled Tuesday Blitz May 03 Early 2022"]
[White "Perez Molina, Robinson"]
[Black "Redor, Menandro"]
[WhiteFideId "3403882"]
[BlackFideId "5222010"]
[WhiteElo "2252"]
[BlackElo "1986"]
[Result "0-1"]
[Round "09"]
[TimeControl "180+1"]
[Date "2022.05.03"]
[WhiteClock "0:02:09"]
[BlackClock "0:00:40"]

1. Nf3 d5 2. d4 Nf6 3. c4 c6 4. Nc3 e6 5. Bg5 Be7 6. e3 O-O 7. Qc2 Nbd7 8. O-O-O Re8 9. Bd3 dxc4 10. Bxc4 b5 11. Bd3 Bb7 12. Ne4 Nxe4 13. Bxe7 Qxe7 14. Bxe4 f5 15. Bd3 c5 16. Kb1 c4 17. Bxc4 bxc4 18. Qxc4 Rec8 19. Qa4 Be4+ 20. Ka1 Bc2 21. Qa5 Bxd1 22. Rxd1 Rab8 23. a3 Rc2 24. Qxa7 Rcxb2 25. Ne5 R2b7 26. Qa5 Nxe5 27. dxe5 Ra7 0-1


[Site "https://www.chess.com"]

[Event "Titled Tuesday Blitz May 03 Early 2022"]
[White "Petrovic, Aleksa"]
[Black "Kanyamarala, Tarun"]
[WhiteFideId "967629"]
[BlackFideId "45004714"]
[WhiteElo "2198"]
[BlackElo "2177"]
[Result "0-1"]
[Round "09"]
[TimeControl "180+1"]
[Date "2022.05.03"]
[WhiteClock "0:00:02"]
[BlackClock "0:00:10"]

1. d4 Nf6 2. c4 c5 3. d5 e6 4. Nc3 a6 5. a4 g6 6. e4 d6 7. Nf3 Bg7 8. Nd2 O-O 9. Be2 Kh8 10. O-O Ng8 11. Re1 exd5 12. cxd5 f5 13. exf5 Bxf5 14. Nc4 Bd4 15. Bf4 Bc2 16. Qd2 Bb3 17. Bg3 Bxc4 18. Bxc4 Qd7 19. Ne4 Qg7 20. Bxd6 Nd7 21. Bxf8 Rxf8 22. Rad1 Nh6 23. Re2 Ne5 24. Bb3 Nf5 25. d6 Ng4 26. Be6 Qe5 27. Ng3 Qxd6 28. Bxf5 gxf5 29. Qd3 Qh6 30. h3 Ne5 31. Qb3 Qg7 32. Kf1 f4 33. Nh5 Qf7 34. Qxf7 Rxf7 35. g4 fxg3 36. Nxg3 Rf3 37. Kg2 Rb3 38. f4 Ng6 39. Nh5 Nh4+ 40. Kh2 Nf3+ 41. Kh1 Kg8 42. f5 Kf7 43. f6 b5 44. Re7+ Kg6 45. f7 Bg7 46. Nxg7 Kxg7 47. f8=Q+ Kxf8 48. Ra7 Rxb2 49. Ra8+ Kf7 50. Ra7+ Kf6 51. Rxa6+ Kf5 52. Rd5+ Ke4 0-1


[Site "https://www.chess.com"]

[Event "Titled Tuesday Blitz May 03 Early 2022"]
[White "Pham, Tran Gia Phuc"]
[Black "Lehtosaari, Mauri"]
[WhiteFideId "12415669"]
[BlackFideId "501999"]
[WhiteElo "1789"]
[BlackElo "2537"]
[Result "1-0"]
[Round "09"]
[TimeControl "180+1"]
[Date "2022.05.03"]
[WhiteClock "0:00:19"]
[BlackClock "0:00:07"]

1. e4 d5 2. exd5 Qxd5 3. Nc3 Qe5+ 4. Be2 c6 5. Nf3 Qc7 6. d4 Bf5 7. O-O e6 8. Nh4 Bg6 9. f4 Be7 10. Nf3 Nd7 11. Ne5 Nxe5 12. fxe5 O-O-O 13. Be3 f5 14. Bc4 Bf7 15. Qe2 g5 16. Rad1 Nh6 17. h3 f4 18. Bf2 Nf5 19. Ne4 h5 20. Nf6 Bxf6 21. exf6 Qd6 22. Qe5 Rhe8 23. Qxd6 Rxd6 24. Rfe1 Kc7 25. Re5 g4 26. Rxf5 exf5 27. Bxf7 Re2 28. Bh4 Rxc2 29. Bxh5 f3 30. f7 Rxg2+ 31. Kh1 g3 32. Bxg3 Rxg3 33. f8=Q Rxh3+ 34. Kg1 Rxh5 35. Qe7+ Rd7 36. Qe5+ Kb6 37. Kf2 Rhh7 38. Kxf3 a6 39. Qc5+ Kc7 40. d5 Rhf7 41. d6+ Kd8 42. Qa7 Ke8 43. Re1+ Kf8 44. Qb8+ Kg7 45. Rg1+ Kf6 46. Qh8+ Ke6 47. Re1+ Kxd6 48. Qe5# 1-0


[Site "https://www.chess.com"]

[Event "Titled Tuesday Blitz May 03 Early 2022"]
[White "Polster, Christian"]
[Black "Lohani, Sujana"]
[WhiteFideId "12965081"]
[BlackFideId "12311987"]
[WhiteElo "2278"]
[BlackElo "1691"]
[Result "1-0"]
[Round "09"]
[TimeControl "180+1"]
[Date "2022.05.03"]
[WhiteClock "0:02:26"]
[BlackClock "0:00:28"]

1. e4 e5 2. Nf3 Nc6 3. Bc4 Bc5 4. c3 d6 5. d4 exd4 6. cxd4 Bb4+ 7. Nc3 Be6 8. d5 Na5 9. Qa4+ Bd7 10. Qxb4 Be6 11. dxe6 Nc6 12. Qxb7 Nb4 13. exf7+ Kf8 1-0


[Site "https://www.chess.com"]

[Event "Titled Tuesday Blitz May 03 Early 2022"]
[White "Popadic, Dragan"]
[Black "Legenia, Artem"]
[WhiteFideId "913650"]
[BlackFideId "14136945"]
[WhiteElo "2203"]
[BlackElo "1936"]
[Result "1-0"]
[Round "09"]
[TimeControl "180+1"]
[Date "2022.05.03"]
[WhiteClock "0:01:26"]
[BlackClock "0:01:09"]

1. e4 d5 2. exd5 Qxd5 3. Nc3 Qa5 4. d4 Nf6 5. Nf3 Bg4 6. h3 Bxf3 7. Qxf3 c6 8. Bd2 Qc7 9. O-O-O e6 10. Bd3 Nbd7 11. g4 Bb4 12. g5 Nd5 13. Ne4 Bxd2+ 14. Rxd2 N7b6 15. a3 O-O-O 16. Nc5 Qf4 17. Qg2 Ne7 18. c3 Nf5 19. Kc2 Nh4 20. Qg3 Qxg3 21. fxg3 Nf3 22. Rf2 Nxg5 23. h4 h6 24. hxg5 hxg5 25. Rxh8 Rxh8 26. Rxf7 1-0


[Site "https://www.chess.com"]

[Event "Titled Tuesday Blitz May 03 Early 2022"]
[White "Prohorov, Olexandr"]
[Black "Dronavalli, Harika"]
[WhiteFideId "14105578"]
[BlackFideId "5015197"]
[WhiteElo "1993"]
[BlackElo "2382"]
[Result "1-0"]
[Round "09"]
[TimeControl "180+1"]
[Date "2022.05.03"]
[WhiteClock "0:00:05"]
[BlackClock "0:00:08"]

1. e4 c5 2. c3 g6 3. d4 Qc7 4. Nf3 Bg7 5. Be3 Nf6 6. Bd3 b6 7. O-O O-O 8. Na3 Bb7 9. e5 Nd5 10. Bg5 h6 11. Bh4 Nc6 12. Bg3 Qd8 13. c4 Ndb4 14. d5 Na5 15. Be2 e6 16. Nb5 exd5 17. a3 Na6 18. cxd5 c4 19. Nd6 Nc5 20. Nxc4 Nxc4 21. Bxc4 Rc8 22. Re1 a6 23. b4 Na4 24. Bb3 Nc3 25. Qd3 b5 26. Rac1 Na4 27. h4 Nb2 28. Qd4 Rxc1 29. Rxc1 Na4 30. h5 g5 31. Bc2 Re8 32. Qd3 Qb6 33. Qh7+ Kf8 34. Bf5 Bxd5 35. Bxd7 Rd8 36. Rc8 Rxc8 37. Bxc8 Qc6 38. Bg4 Be4 39. Bf5 Bxf3 40. gxf3 Qxf3 41. e6 Qd1+ 42. Kh2 Qxh5+ 43. Kg2 fxe6 44. Bxe6 Ke7 45. Qg8 Qg6 46. Bb3 Qc6+ 47. Kh2 Qf6 48. Qc8 Nb6 49. Qc7+ Kf8 50. Bd6+ Ke8 51. Qxb6 Kd7 52. Qc7+ Ke8 53. Qc8+ Qd8 54. Qe6+ 1-0


[Site "https://www.chess.com"]

[Event "Titled Tuesday Blitz May 03 Early 2022"]
[White "Puccini, Jack"]
[Black "Rabineau, Clement"]
[WhiteFideId "3213307"]
[BlackFideId "628891"]
[WhiteElo "2352"]
[BlackElo "2237"]
[Result "0-1"]
[Round "09"]
[TimeControl "180+1"]
[Date "2022.05.03"]
[WhiteClock "0:00:24"]
[BlackClock "0:00:21"]

1. e4 d6 2. d4 g6 3. Nf3 Bg7 4. Bc4 Nf6 5. Qe2 O-O 6. e5 dxe5 7. dxe5 Nd5 8. h3 c6 9. O-O a5 10. Re1 b5 11. Bd3 Na6 12. c3 Nc5 13. Bc2 a4 14. Be3 Ne6 15. g3 Qc7 16. Bc1 Nb6 17. Nbd2 Nc5 18. Ne4 Nxe4 19. Bxe4 Bxh3 20. Bf4 Qc8 21. Ng5 Bf5 22. Kg2 h6 23. Nf3 Nd5 24. Bd2 Bh3+ 25. Kh2 Bf5 26. Kg2 Rd8 27. Rh1 h5 28. Rae1 Nb6 29. Bc1 Nc4 30. Bf4 Bxe4 31. Qxe4 Nxb2 32. Ng5 Nd3 33. Re3 Nc5 34. Qf3 Ne6 35. Ree1 Nxg5 36. Bxg5 Qe6 37. Rh4 Rd5 38. g4 Rxe5 39. Rxe5 Qxe5 40. Bf4 Qf6 41. Qg3 e5 42. Be3 hxg4 43. Rxg4 Rd8 44. Bg5 Qd6 45. Bxd8 Qxd8 46. Qe3 Qd5+ 47. Qe4 Qxa2 48. Qxc6 Bf8 49. Qxb5 Qb3 50. Qxa4 Qxc3 51. Qc4 Qd2 52. Qe4 Qc1 53. Rg3 Qc7 54. Qf3 Qe7 55. Qe2 Bg7 56. Rf3 Qe6 57. Re3 Qc6+ 58. Qf3 Qc5 59. Re2 Qb6 60. Qe3 Qc6+ 61. Qe4 Qf6 62. Rd2 Qg5+ 63. Kf1 Qxd2 64. Qa8+ Bf8 65. Qe4 Qd1+ 66. Kg2 Qd6 67. Qc4 Qe6 68. Qd3 Qc6+ 69. Kf1 Qc7 70. Qd5 Qd6 71. Qa8 Kg7 72. Kg2 Be7 73. Kf1 Qe6 74. Qe4 Qf5 75. Qb7 Qh3+ 76. Ke1 Qe6 77. Kf1 Bf6 78. Qa8 Qc4+ 79. Kg1 Qf4 80. Kf1 Bh4 81. Qa2 Qxf2+ 82. Qxf2 Bxf2 83. Kxf2 f5 84. Ke3 Kf6 85. Kf3 g5 86. Ke2 g4 87. Kf2 Kg5 88. Kg2 f4 89. Kf1 e4 90. Kf2 Kf5 91. Kg1 Ke5 92. Kf1 Kd4 93. Ke2 g3 94. Ke1 Ke3 95. Kf1 Kd2 96. Kg2 Ke2 97. Kg1 f3 98. Kh1 Ke3 99. Kg1 Kf4 100. Kf1 e3 101. Ke1 g2 102. Kd1 g1=Q+ 103. Kc2 f2 104. Kd3 f1=Q+ 105. Kc3 Qe1+ 106. Kb3 Qc1 107. Kb4 Qg2 108. Kb3 Qgb2+ 109. Ka4 Qca1# 0-1


[Site "https://www.chess.com"]

[Event "Titled Tuesday Blitz May 03 Early 2022"]
[White "Quirke, Jeffrey"]
[Black "Winkels, Marcel"]
[WhiteFideId "2013029"]
[BlackFideId "1003887"]
[WhiteElo "2075"]
[BlackElo "1900"]
[Result "1-0"]
[Round "09"]
[TimeControl "180+1"]
[Date "2022.05.03"]
[WhiteClock "0:01:14"]
[BlackClock "0:00:16"]

1. d4 Nf6 2. c4 c5 3. d5 b5 4. Qc2 bxc4 5. e4 e6 6. Nc3 exd5 7. e5 Bb7 8. Bg5 h6 9. Bh4 d4 10. exf6 Qa5 11. Qe2+ Kd8 12. fxg7+ Kc7 13. gxh8=Q Nc6 14. Bg3+ Kb6 15. Qd2 Re8+ 16. Be2 d3 17. Nd5+ Ka6 18. Qxa5+ Kxa5 19. Qc3+ Kb5 20. Nc7+ Kb6 21. Nxe8 Nb4 22. Bc7+ Ka6 23. Qxc4# 1-0


[Site "https://www.chess.com"]

[Event "Titled Tuesday Blitz May 03 Early 2022"]
[White "Ramirez Vido, Robert Yorisan"]
[Black "Nozdrachev, Leonid"]
[WhiteFideId "3513823"]
[BlackFideId "24113433"]
[WhiteElo "2312"]
[BlackElo "2242"]
[Result "1-0"]
[Round "09"]
[TimeControl "180+1"]
[Date "2022.05.03"]
[WhiteClock "0:00:05"]
[BlackClock "0:00:10"]

1. f4 b5 2. Nf3 Bb7 3. e3 a6 4. b3 Nf6 5. Bb2 g6 6. Be2 Bg7 7. O-O O-O 8. Qe1 c5 9. d3 Qb6 10. c4 bxc4 11. dxc4 Nc6 12. Nc3 Nb4 13. Rd1 Rad8 14. Ne5 d6 15. Nd3 Ne4 16. Na4 Nxd3 17. Bxd3 Qc6 18. Bxg7 Kxg7 19. Nc3 Ng5 20. Nd5 e6 21. Qc3+ f6 22. fxg5 exd5 23. gxf6+ Kh8 24. cxd5 Qxd5 25. Rf3 Qe5 26. Qxe5 dxe5 27. Rf2 Be4 28. Be2 Rxd1+ 29. Bxd1 Kg8 30. Bf3 Bxf3 31. Rxf3 Kf7 32. Kf2 Ke6 33. g4 Rxf6 34. Rxf6+ Kxf6 35. Kf3 Kg5 36. Ke4 Kxg4 37. Kxe5 g5 38. e4 h5 39. Kf6 Kf4 40. e5 g4 41. e6 h4 42. e7 g3 43. hxg3+ hxg3 44. e8=Q g2 45. Qe1 Kf3 46. Qg1 Ke4 47. Qxc5 Kd3 48. Qg1 Kc3 49. Qxg2 Kb4 50. Ke5 a5 51. Kd4 Ka3 52. Kc4 a4 53. Qb7 Kb2 54. bxa4+ Ka3 55. a5 Ka4 56. Qb4# 1-0


[Site "https://www.chess.com"]

[Event "Titled Tuesday Blitz May 03 Early 2022"]
[White "Rodchenkov, Sergey D."]
[Black "Petrova, Irina"]
[WhiteFideId "4168712"]
[BlackFideId "14124122"]
[WhiteElo "2306"]
[BlackElo "1993"]
[Result "0-1"]
[Round "09"]
[TimeControl "180+1"]
[Date "2022.05.03"]
[WhiteClock "0:00:21"]
[BlackClock "0:00:25"]

1. e4 c5 2. Nf3 Nc6 3. Bb5 g6 4. O-O Bg7 5. Re1 Nf6 6. e5 Nd5 7. Nc3 Nxc3 8. dxc3 Qc7 9. Bf4 O-O 10. Bg3 Qb6 11. Bc4 Qxb2 12. Qd3 Qa3 13. Ng5 e6 14. f4 d5 15. exd6 Qxc3 16. Rad1 Qxd3 17. Bxd3 Bd7 18. Ne4 b6 19. Bh4 Nd8 20. Nf6+ Bxf6 21. Bxf6 Nb7 22. Be4 Rab8 23. h4 h5 24. g4 hxg4 25. Kg2 c4 26. Kg3 Nc5 27. Bg2 Rfc8 28. h5 Ba4 29. hxg6 Nd7 30. gxf7+ Kxf7 31. Bc3 Bxc2 32. Rd2 Bd3 33. Rh1 Nf6 34. Rh6 Nd5 35. Rh7+ Bxh7 36. Bxd5 exd5 37. Rxd5 Ke6 38. Rh5 Bd3 39. Rh6+ Kd5 40. Bf6 Rd8 41. Bxd8 Rxd8 42. Kxg4 Rxd6 43. Rh5+ Kd4 44. Rh1 c3 45. Rc1 c2 46. Kf3 Kc3 47. Ke3 Kb2 48. Rh1 c1=Q+ 49. Rxc1 Kxc1 50. Kf3 Bf5 51. Kg3 Kd2 52. Kh4 Ke3 53. Kg5 Bd3 54. f5 Bxf5 55. Kh5 Bc2 56. Kh4 Rg6 57. Kh5 Kf4 58. Kh4 Rh6# 0-1


[Site "https://www.chess.com"]

[Event "Titled Tuesday Blitz May 03 Early 2022"]
[White "Rohith Krishna S"]
[Black "Dauner, Benedikt"]
[WhiteFideId "46617051"]
[BlackFideId "16225899"]
[WhiteElo "2117"]
[BlackElo "2230"]
[Result "1-0"]
[Round "09"]
[TimeControl "180+1"]
[Date "2022.05.03"]
[WhiteClock "0:01:21"]
[BlackClock "0:00:02"]

1. e4 Nf6 2. e5 Nd5 3. d4 d6 4. Nf3 g6 5. Bc4 Nb6 6. Bb3 Bg7 7. O-O O-O 8. c3 Bg4 9. h3 Bxf3 10. Qxf3 Nc6 11. exd6 cxd6 12. Bg5 Qc7 13. Nd2 Na5 14. Rae1 Nxb3 15. axb3 Rfe8 16. d5 h6 17. Bh4 Nd7 18. b4 Ne5 19. Qe2 Rac8 20. f4 Nc4 21. Nxc4 Qxc4 22. Qxc4 Rxc4 23. Bxe7 Bf8 24. Bxf8 Kxf8 25. Rxe8+ Kxe8 26. g3 Kd7 27. Ra1 a6 28. Kf2 Rc8 29. Ke3 Re8+ 30. Kd3 h5 31. Rh1 Kc7 32. g4 Rh8 33. g5 Re8 34. Rf1 Kb6 35. h4 Kb5 36. f5 Re5 37. fxg6 fxg6 38. Rf6 Rxd5+ 39. Kc2 Re5 40. Rxd6 Re4 41. Rxg6 Rxh4 42. Kb3 Rh3 43. Rf6 Rg3 44. g6 a5 45. Rf5+ Kc6 46. Rxa5 h4 47. Rh5 h3 48. g7 Rxg7 49. Rxh3 Rg2 50. Rh5 Rf2 51. c4 Rg2 52. Rh6+ Kc7 53. b5 b6 54. Ka3 Rc2 55. b3 Rf2 56. Rh7+ Kb8 57. Kb4 Rf5 58. Rh3 Kb7 59. Kc3 Rf7 60. Kd4 Rd7+ 61. Ke5 Re7+ 62. Kd6 Rg7 63. Rh6 Rf7 64. b4 Rc7 65. c5 Rg7 66. Re6 Rg1 67. Re7+ Kb8 68. Kc6 Rg6+ 69. Kd5 Rg5+ 70. Re5 Rg4 71. Re6 Rxb4 72. Rxb6+ Kc7 73. Rc6+ Kb7 74. b6 Rb1 75. Rc7+ Kb8 76. Rd7 Rd1+ 77. Kc6 Rxd7 78. Kxd7 Kb7 79. c6+ Kxb6 80. c7 Ka7 81. c8=Q 1-0


[Site "https://www.chess.com"]

[Event "Titled Tuesday Blitz May 03 Early 2022"]
[White "Rosen, Eric"]
[Black "Hansen, Eric"]
[WhiteFideId "2032562"]
[BlackFideId "2606771"]
[WhiteElo "2362"]
[BlackElo "2568"]
[Result "0-1"]
[Round "09"]
[TimeControl "180+1"]
[Date "2022.05.03"]
[WhiteClock "0:00:01"]
[BlackClock "0:00:10"]

1. d4 Nf6 2. Be3 g6 3. Qc1 Nc6 4. c3 e5 5. dxe5 Nxe5 6. g3 Neg4 7. Bg2 Nxe3 8. Qxe3+ Qe7 9. Qxe7+ Kxe7 10. Nd2 d5 11. Ngf3 c6 12. O-O-O Bh6 13. h3 Ne4 14. Rhf1 Re8 15. e3 Nd6 16. Rfe1 Kf8 17. Nd4 a5 18. Kc2 a4 19. a3 c5 20. Ne2 Bf5+ 21. Kc1 d4 22. exd4 Nc4 23. f4 Ne3 24. Bxb7 Rab8 25. Bf3 Bc2 26. dxc5 Bxd1 27. Rxd1 Nxd1 28. Kxd1 Rxb2 29. Nc4 Rb5 30. Nd6 Rd8 31. Kc2 Rxc5 32. Nb7 Rdc8 33. Nxc5 Rxc5 34. Kd3 Bg7 35. c4 Rc8 36. Nc3 Rb8 37. Nb5 Ke7 38. Bd5 f5 39. Bc6 Rb6 40. Bd5 Kd8 41. Ke3 h6 42. Kf3 Bf8 43. g4 Bc5 44. h4 fxg4+ 45. Kxg4 h5+ 46. Kg5 Be7+ 47. Kh6 Bxh4 48. f5 gxf5+ 49. Kxh5 Be7 50. Bg2 Ke8 51. Bh3 Rf6 52. Nd4 Bxa3 53. Bxf5 Bb2 54. Kg5 Bxd4 55. Bc2 a3 56. Ba4+ Kd8 57. Bb3 Kc7 58. c5 Rc6 59. Kg4 Rxc5 60. Kh3 Rb5 61. Ba2 Rb2 62. Bd5 Kd6 63. Bg2 a2 0-1


[Site "https://www.chess.com"]

[Event "Titled Tuesday Blitz May 03 Early 2022"]
[White "Rustemov, Alexander"]
[Black "Ljukin, Sergei"]
[WhiteFideId "4119002"]
[BlackFideId "14102200"]
[WhiteElo "2704"]
[BlackElo "2312"]
[Result "1-0"]
[Round "09"]
[TimeControl "180+1"]
[Date "2022.05.03"]
[WhiteClock "0:00:17"]
[BlackClock "0:00:01"]

1. d4 d5 2. c4 c6 3. Nc3 Nf6 4. e3 e6 5. Nf3 Nbd7 6. Qc2 Bd6 7. b3 O-O 8. Be2 e5 9. cxd5 cxd5 10. Nb5 Be7 11. dxe5 Ne4 12. O-O f6 13. exf6 Ndxf6 14. Ba3 Bf5 15. Bxe7 Qxe7 16. Qb2 Rac8 17. Rac1 Bg4 18. Nxa7 Rxc1 19. Rxc1 Qb4 20. a3 Qb6 21. Nb5 Bxf3 22. gxf3 Ng5 23. Nd4 Nh5 24. f4 Nh3+ 25. Kg2 Qg6+ 26. Kxh3 Rxf4 27. Rc8+ Kf7 28. Bf3 Rxf3+ 29. Nxf3 Qf5+ 30. Kg2 Qxc8 31. Qd4 Nf6 32. a4 Qf5 33. Qf4 Qg6+ 34. Qg3 Qe4 35. Qc7+ Kg8 36. Qf4 Qxf4 37. exf4 Kf7 38. Nd4 g6 39. Kf3 Ke7 40. a5 Kd6 41. b4 Nd7 42. Ke3 Nb8 43. Kd3 Nc6 44. Kc3 Kc7 45. f5 gxf5 46. Nxf5 Ne5 47. h3 Kc6 48. Nd4+ Kd6 49. f4 Ng6 50. Ne2 h5 51. Kd4 1-0


[Site "https://www.chess.com"]

[Event "Titled Tuesday Blitz May 03 Early 2022"]
[White "Saldano Dayer, Horacio"]
[Black "Vignesh, N R"]
[WhiteFideId "103411"]
[BlackFideId "25012215"]
[WhiteElo "2419"]
[BlackElo "2363"]
[Result "1/2-1/2"]
[Round "09"]
[TimeControl "180+1"]
[Date "2022.05.03"]
[WhiteClock "0:00:06"]
[BlackClock "0:00:05"]

1. d4 d5 2. Bf4 Nf6 3. Nc3 e6 4. Nb5 Na6 5. e3 c6 6. Nc3 Bd6 7. Bxd6 Qxd6 8. Nf3 O-O 9. a3 c5 10. Ne5 Nc7 11. Bd3 Nd7 12. f4 f5 13. g4 cxd4 14. exd4 Nxe5 15. dxe5 Qb6 16. gxf5 Qe3+ 17. Ne2 exf5 18. Qd2 Qb6 19. O-O-O Ne6 20. Rhg1 Bd7 21. Qb4 Qxb4 22. axb4 a5 23. b5 a4 24. Kd2 Ra5 25. Ra1 g6 26. b4 Raa8 27. h4 Kf7 28. h5 a3 29. hxg6+ hxg6 30. Ra2 Ra4 31. c3 Rh8 32. Rga1 Rh2 33. Ke3 Rh3+ 34. Kd2 d4 35. Rxa3 dxc3+ 36. Kxc3 Rxa3+ 37. Rxa3 Bxb5 38. Kd2 Ke7 39. Rc3 Bxd3 40. Rxd3 Rh4 41. Ke3 g5 42. fxg5 Re4+ 43. Kd2 Rxb4 44. g6 Rg4 45. Rb3 Nc5 46. Rb5 Ne4+ 47. Ke3 Rxg6 48. Nd4 Rg3+ 49. Kf4 Rg1 50. Rxb7+ Ke8 51. Nxf5 Nc5 52. Nd6+ Kd8 53. Rh7 Rf1+ 54. Ke3 Ne6 55. Rh6 Kd7 56. Rh7+ Kc6 57. Rh6 Kd5 58. Nb5 Re1+ 59. Kd2 Rxe5 60. Nc3+ Kc4 61. Rh4+ Nd4 62. Nd1 Ra5 63. Nb2+ Kb3 64. Nd3 Ra2+ 65. Ke3 Kc3 66. Rxd4 Re2+ 67. Kxe2 Kxd4 1/2-1/2


[Site "https://www.chess.com"]

[Event "Titled Tuesday Blitz May 03 Early 2022"]
[White "Samadov, Read"]
[Black "Deac, Bogdan-Daniel"]
[WhiteFideId "13417444"]
[BlackFideId "1226380"]
[WhiteElo "2084"]
[BlackElo "2648"]
[Result "0-1"]
[Round "09"]
[TimeControl "180+1"]
[Date "2022.05.03"]
[WhiteClock "0:00:01"]
[BlackClock "0:00:04"]

1. d4 Nf6 2. c4 e6 3. Nf3 d5 4. g3 Be7 5. Bg2 O-O 6. O-O dxc4 7. Qc2 b5 8. a4 b4 9. Nfd2 Nd5 10. Nxc4 c5 11. dxc5 Ba6 12. Ne3 Nd7 13. Nxd5 exd5 14. c6 Rc8 15. Rd1 Ne5 16. Rxd5 Rxc6 17. Qd1 Qc8 18. Bf4 Ng6 19. Be3 Bf6 20. Nd2 Bxb2 21. Rb1 Bc3 22. Ne4 Qe6 23. Nc5 Qc8 24. h4 Bc4 25. Rg5 Rd8 26. Qc2 h6 27. Rf5 Rc7 28. h5 Ne7 29. Be4 Nxf5 30. Bxf5 Qa8 31. Rd1 Rxd1+ 32. Qxd1 Re7 33. Qd6 Qe8 34. Bxh6 Rxe2 35. Bf4 Re1+ 36. Kg2 Be5 37. Bxe5 Qxe5 38. Qd8+ Qe8 39. Qd6 b3 40. h6 b2 41. h7+ Kh8 42. Qd4 0-1


[Site "https://www.chess.com"]

[Event "Titled Tuesday Blitz May 03 Early 2022"]
[White "Sarana, Alexey"]
[Black "Shimanov, Aleksandr"]
[WhiteFideId "24133795"]
[BlackFideId "4198603"]
[WhiteElo "2666"]
[BlackElo "2636"]
[Result "1-0"]
[Round "09"]
[TimeControl "180+1"]
[Date "2022.05.03"]
[WhiteClock "0:00:39"]
[BlackClock "0:00:02"]

1. d4 Nf6 2. c4 e6 3. Nc3 d5 4. cxd5 Nxd5 5. e4 Nxc3 6. bxc3 c5 7. Rb1 Be7 8. Nf3 O-O 9. h4 Nc6 10. h5 h6 11. Bb5 cxd4 12. cxd4 Bd7 13. O-O Rc8 14. d5 exd5 15. exd5 Na5 16. d6 Bf6 17. Bf4 a6 18. Bxd7 Qxd7 19. Qd5 b5 20. a4 Rc4 21. Be5 Rxa4 22. Bxf6 gxf6 23. Rfe1 Nc6 24. Rbc1 Rc4 25. Rxc4 bxc4 26. Rc1 Ne7 27. Qd4 Nc8 28. Rd1 Rd8 29. Qxf6 Nxd6 30. Ne5 Qc7 31. Ng4 c3 32. Nxh6+ Kh7 33. Nf5 Ne8 34. Qh6+ Kg8 35. Qg5+ Kh7 36. Rxd8 c2 37. Qh6+ Kg8 38. Qg7# 1-0


[Site "https://www.chess.com"]